AoeStats
← Kaiser Ze

Fortress

509071565Analyzed
2v2 RM · 7d ago on Sep 25, 2026· 57m 47s· 4 players
Game mode
Random Map
Map size
Normal (6 player)
Population
200
Speed
Normal
Resources
Standard
Victory
Conquest
Starting age
Dark Age
Ending age
Imperial Age
RankedLock teamsTeams togetherTeam positionsShared explorationLock speedFull tech treeHidden civsTurbo modeCheats
Victory
Defeat
🇨🇳 Mongols · China
1413
+16
1389
+16
🇮🇱 Franks · Israel
1412
-16
🇨🇳 Portuguese · China
1403
-16
Kaiser Ze
5:42 Feudal Age
11:05 Castle Age
9:20 Double-Bit Axe
12:51 Bow Saw
12:54 Horse Collar
14:46 Wheelbarrow
21:00 Gold Mining
21:01 Stone Mining
21:32 Fletching
25:17 Imperial Age
22:32 Loom
23:04 Hand Cart
22:54 Bodkin Arrow
22:59 Padded Archer Armor
24:15 Ballistics
25:06 Leather Archer Armor
24:57 Husbandry
25:00 Town Watch
26:27 Bloodlines
27:25 Parthian Tactics
27:53 Stone Shaft Mining
28:41 Elite Mangudai
29:40 Thumb Ring
30:43 Town Patrol
30:45 Bracer
30:59 Thumb Ring
31:19 Heavy Plow
32:25 Capped Ram
33:44 Conscription
34:10 Siege Ram
36:24 Caravan
36:57 Light Cavalry
38:03 Forging
37:59 Scale Barding Armor
39:25 Iron Casting
38:11 Hussar
44:18 Blast Furnace
43:38 Chain Barding Armor
50:09 Nomads
51:00 Chain Barding Armor
52:55 Hoardings
56:16 Drill
你可以打我队友吗
8:05 Feudal Age
8:41 Double-Bit Axe
11:48 Castle Age
9:33 Horse Collar
13:50 Bow Saw
15:53 Wheelbarrow
16:17 Heavy Plow
17:54 Gold Mining
17:53 Loom
18:28 Loom
22:13 Imperial Age
20:40 Husbandry
20:51 Bloodlines
20:47 Scale Barding Armor
21:16 Forging
22:16 Chain Barding Armor
22:13 Szlachta Privileges
22:16 Stone Mining
23:24 Conscription
22:27 Cavalier
25:32 Hand Cart
26:12 Chain Barding Armor
25:39 Town Watch
27:53 Capped Ram
29:37 Iron Casting
28:53 Fletching
29:53 Siege Ram
32:36 Elite Obuch
33:18 Scale Mail Armor
34:18 Blast Furnace
33:51 Squires
33:37 Arson
34:06 Light Cavalry
36:03 Chain Mail Armor
37:11 Caravan
37:42 Coinage
37:26 Winged Hussar
41:42 Lechitic Legacy
44:35 Crop Rotation
45:43 Plate Mail Armor
45:41 Man-at-Arms
50:02 Bodkin Arrow
Unemployed Harry
7:35 Feudal Age
11:47 Castle Age
12:28 Double-Bit Axe
13:29 Bow Saw
16:54 Wheelbarrow
17:00 Loom
18:25 Hand Cart
19:01 Gold Mining
24:37 Imperial Age
22:45 Fletching
22:54 Ordonnance Companies
23:49 Loom
24:47 Husbandry
24:45 Bodkin Arrow
25:28 Padded Archer Armor
26:34 Chemistry
25:02 Cranequins
26:48 Conscription
26:54 Leather Archer Armor
27:00 Ballistics
26:34 Heavy Mounted Crossbowman
28:27 Cavalier
33:05 Treadmill Crane
33:14 Light Cavalry
38:05 Elite Skirmisher
42:22 Chivalry
48:37 Gold Shaft Mining
47:53 Stone Mining
47:49 Town Watch
50:11 Elite Skirmisher
56:09 Pikeman
56:49 Squires
2067
8:45 Feudal Age
10:01 Double-Bit Axe
10:09 Gold Mining
12:52 Castle Age
17:34 Imperial Age
20:02 Loom
23:40 Wheelbarrow
24:07 Chemistry
22:59 Pikeman
24:13 Conscription
23:57 Pikeman
24:39 Guard Tower
24:50 Town Watch
24:52 Loom
25:36 Bombard Tower
25:34 Bow Saw
25:51 Fortified Wall
25:27 Halberdier
25:51 Treadmill Crane
26:47 Scale Mail Armor
26:58 Forging
27:50 Chain Mail Armor
28:39 Iron Casting
29:29 Plate Mail Armor
29:16 Fletching
31:17 Ballistics
32:04 Bodkin Arrow
33:14 Blast Furnace
32:17 Gambesons
31:53 Man-at-Arms
32:40 Long Swordsman
33:12 Two-Handed Swordsman
33:48 Arson
34:05 Bodkin Arrow
34:05 Champion
35:40 Coinage
35:23 Guilds
35:34 Hand Cart
35:37 Bracer
36:08 Masonry
37:50 Architecture
39:39 Padded Archer Armor
41:18 Leather Archer Armor
41:49 Elite Organ Gun
43:46 Banking
46:21 Ring Archer Armor
45:12 Crossbowman
49:01 Arquebus
Connection lost

Rejoining the realm…

Still unreachable

The connection could not be restored.

Session expired

The server has moved on; the page needs a fresh start.